 Dungeon Crawl Stone Soup version 0.27-a0-951-gae3e1deef5 (webtiles) character file.

Game seed: 7572084362610998

125 jasper the Sneak (level 4, -2/37 HPs)
             Began as a Demonspawn Delver on Apr 11, 2021.
             Slain by a gnoll
             ... wielding a +0 flail
              (13 damage)
             ... on level 2 of the Dungeon.
             The game lasted 00:05:49 (2490 turns).

jasper the Sneak (Demonspawn Delver)                Turns: 2490, Time: 00:05:50

Health: -2/37      AC:  4    Str: 12    XL:     4   Next: 82%
Magic:  4/4        EV: 12    Int: 13    God:
Gold:   84         SH:  4    Dex: 14    Spells: 3/3 levels left

rFire    . . .     SeeInvis .     - Unarmed
rCold    . . .     Faith    .   (no shield)
rNeg     . . .     Spirit   .   a - +0 leather armour
rPois    .         Reflect  .   (helmet restricted)
rElec    .         Harm     .   (no cloak)
rCorr    .         Rampage  .   (no gloves)
Will     .....                  e - +0 pair of boots
Stlth    ++........             (no amulet)
HPRegen  0.12/turn              (no ring)
MPRegen  0.09/turn              (no ring)

@: no status effects
A: horns 2, condensation shield
a: no special abilities


You were on level 2 of the Dungeon.
You visited 1 branch of the dungeon, and saw 6 of its levels.

You collected 115 gold pieces.
You spent 31 gold pieces at shops.

Inventory:

Missiles
 n - 80 stones (quivered)
Armour
 a - a +0 leather armour (worn)
 e - a +0 pair of boots (worn)
 i - a +0 helmet
Magical Staves
 l - a staff of air
 o - a staff of fire
Jewellery
 g - a ring of see invisible
Wands
 f - a wand of digging (2)
Scrolls
 b - a scroll of fog
 c - 2 scrolls of magic mapping
 d - 3 scrolls of fear
 j - a scroll of teleportation
 m - a scroll of acquirement {unknown}
 p - a scroll of noise {unknown}
Potions
 h - 2 potions of curing
 k - a potion of degeneration {unknown}
 q - a potion of might {unknown}


   Skills:
 + Level 3.9 Fighting
 - Level 2.2 Dodging
 - Level 4.5 Stealth
 * Level 3.7 Unarmed Combat


You had 3 spell levels left.
You didn't know any spells.
Your spell library contained the following spells:

 Spells                   Type           Power      Damage    Failure   Level
 Corona                   Hex            0%         N/A       36%         1
 Magic Dart               Conj           0%         1d3       36%         1
 Blink                    Tloc           N/A        N/A       52%         2
 Call Imp                 Summ           0%         N/A       52%         2
 Ensorcelled Hibernation  Hex/Ice        0%         N/A       52%         2
 Slow                     Hex            0%         N/A       52%         2
 Confusing Touch          Hex            0%         N/A       75%         3
 Conjure Flame            Conj/Fire      0%         6-21      75%         3
 Dazzling Flash           Conj/Hex       0%         N/A       75%         3
 Mephitic Cloud           Conj/Pois/Air  0%         N/A       75%         3
 Tukima's Dance           Hex            0%         N/A       75%         3


Dungeon Overview and Level Annotations

Branches:
Dungeon (6/15)
 Temple: D:4-7

Altars:
Sif Muna
Trog

Shops:
D:1 *


Innate Abilities, Weirdness & Mutations

You have a pair of horns on your head.
A meltable shield of frost defends you. (SH +4)


Message History

The gnoll is heavily wounded.
The gnoll misses you.
You hit the gnoll. Your headbutt misses the gnoll.
The gnoll is severely wounded.
The gnoll barely misses you.
You barely miss the gnoll.
The gnoll is severely wounded.
The gnoll hits you with a +0 flail.
You take 2 damage, and have 22/37 hp.
You closely miss the gnoll.
The gnoll is severely wounded.
You block the gnoll's attack.
You hit the gnoll.
The gnoll is almost dead.
The gnoll barely misses you.
You hit the gnoll.
You kill the gnoll!
You hit the gnoll but do no damage. You closely miss the gnoll.
The gnoll barely misses you.
You barely miss the gnoll. You block the gnoll's attack.
You closely miss the gnoll. The gnoll hits you with a +0 flail.
You take 4 damage, and have 19/37 hp.
You hit the gnoll. You punch the gnoll.
The gnoll is heavily wounded.
The gnoll barely misses you.
You hit the gnoll.
The gnoll is severely wounded.
The gnoll hits you with a +0 flail.
You take 2 damage, and have 17/37 hp.
You barely miss the gnoll.
The gnoll is severely wounded.
The gnoll hits you with a +0 flail!
* * * LOW HITPOINT WARNING * * *
You take 7 damage, and have 10/37 hp.
You hit the gnoll.
You kill the gnoll!
You closely miss the gnoll. You headbutt the gnoll!
The gnoll is heavily wounded.
The gnoll hits you with a +0 flail!
You die...

#.#.. #...##..##.# # #.# .##
#....####..# ##### # #.# ..#
#..........###.... . #.###.#
#..........#...#.. .####.#.#.#
#............#...# .#....#.#.###
#...........##.### ...#........#
#...........#..# #
#<.##.......#####.###.###..#.##
#..##...##.....g@.###.##..##.#
#..#..#.#..#..######.....##..#
#..)..#...##............#...##
.....##..###..##..#####.#.####
.....#............###........##
.......##......##.............##
...............####............#
........#......####............#
...............................#


You could see a gnoll.

Vanquished Creatures
  A gnoll shaman (D:2)
  An adder (D:2)
  2 gnolls (D:2)
  A dart slug (D:2)
  3 ball pythons
  3 bats
  7 endoplasms
  4 giant cockroaches
  5 goblins
  4 hobgoblins
  12 jackals
  2 quokkas (D:1)
  4 frilled lizards
  4 kobolds
  5 rats
58 creatures vanquished.

Notes
Turn   | Place    | Note
-------+----------+-------------------------------------------
     0 | D:5      | jasper the Demonspawn Delver began the quest for the Orb.
     0 | D:5      | Reached XP level 1. HP: 18/18 MP: 1/1
    98 | D:6      | Noticed a jelly
   101 | D:5      | Found a bloodstained altar of Trog.
   119 | D:4      | Noticed a jelly
   556 | D:3      | Found a shimmering blue altar of Sif Muna.
   580 | D:3      | Gained mutation: A meltable shield of frost defends you.
                  | (SH +4) [demonic ancestry]
   580 | D:3      | Reached XP level 2. HP: 5/24 MP: 2/2
  1221 | D:1      | Found Telerr's Assorted Antiques.
  1235 | D:1      | Gained mutation: You have a pair of small horns on your
                  | head. [demonic ancestry]
  1235 | D:1      | Reached XP level 3. HP: 29/29 MP: 3/3
  1343 | D:1      | Bought a scroll labelled DITHOMNAFAO for 31 gold pieces
  1658 | D:1      | You fall into a shaft and drop 1 floor!
  2268 | D:2      | Gained mutation: You have a pair of horns on your head.
                  | [demonic ancestry]
  2268 | D:2      | Reached XP level 4. HP: 37/37 MP: 4/4
  2374 | D:2      | Found a faded altar of an unknown god.
  2490 | D:2      | Slain by a gnoll

Illustrated notes

Levels and vault maps discovered:
D:1:      sevenhm_arrival_forest_fort_small_3, layout_basic, serial_shops, shop
D:2:      layout_rooms, hellmonk_ecumenical_altar_leap_of_faith,
          minmay_close_crescents
D:3:      layout_loops_ring, lemuel_round_altar, minmay_goblin_outpost
D:4:      layout_gridville, marbit_many_paths, grunt_gozag_breadcrumbs,
          minmay_temple_entry_mini_moons, minmay_misc_feat_x, uniq_eustachio
D:5:      layout_rooms, lemuel_crystal_altar, grunt_temple_overflow_cloverleaf,
          general_overflow_altar, uniq_edmund, uniq_duvessa
D:6:      layout_basic

Skill      XL: |  1  2  3 |
---------------+----------+-----
Unarmed Combat | 2 3 |  3.7
Dodging        | 2 |  2.2
Fighting       | |  3.9
Stealth        | |  4.5

Action                   |  1- 3 |  4- 6 || total
-------------------------+-------+-------++-------
Melee: Unarmed           |   201 |    48 ||   249
       Punch             |     2 |     1 ||     3
       Headbutt          |     7 |     9 ||    16
Throw: Stone             |    20 |     3 ||    23
Evoke: Wand              |     1 |       ||     1
  Use: Potion            |     3 |       ||     3
       Scroll            |     3 |       ||     3
 Stab: Sleeping          |     4 |     1 ||     5
Armor: Leather armour    |    64 |     4 ||    68
Dodge: Dodged            |   108 |    23 ||   131
Block: Other             |    37 |     6 ||    43

Table legend: (Time is in decaauts)
 A = Elapsed time spent in this place.
 B = Non-inter-level travel time spent in this place.
 C = Inter-level travel time spent in this place.
 D = Time resting spent in this place.
 E = Time spent auto-exploring this place.
 F = Levels seen in this place.
 G = Mean time per level.
                   A        B        C        D        E       F      G
               +--------+--------+--------+--------+--------+-----+--------+
         Total |   2474 |   2423 |     51 |    693 |    883 |   6 |  412.3 |
       Dungeon |   2474 |   2423 |     51 |    693 |    883 |   6 |  412.3 |
               +--------+--------+--------+--------+--------+-----+--------+

Top non-repeatable levels by time:
     D:1: 901 daAuts
     D:3: 725 daAuts
     D:2: 675 daAuts
     D:6: 98 daAuts
     D:4: 48 daAuts
     D:5: 25 daAuts
